 Dungeon Crawl Stone Soup version 0.31-a0-845-g9abc20d24f (webtiles) character file.

Game seed: 13390338139779569372

105 IdlyInterested the Chucker (level 4, -3/33 HPs)
             Began as a Demonspawn Wanderer on Oct 2, 2023.
             Slain by Grinder (8 damage)
             ... while paralysed by Grinder
             ... on level 3 of the Dungeon.
             The game lasted 00:05:31 (2036 turns).

IdlyInterested the Chucker (Demonspawn Wanderer)    Turns: 2036, Time: 00:05:31

Health: -3/33      AC:  2    Str: 13    XL:     4   Next: 53%
Magic:  5/5        EV:  2    Int: 12    God:
Gold:   109        SH:  0    Dex: 15    Spells: 5/5 levels left

rFire   . . .        p - +0 dagger (venom)
rCold   . . .        d - +0 buckler
rNeg    . . .        h - +0 robe
rPois   .            (no helmet)
rElec   .            (no cloak)
rCorr   .            (no gloves)
SInv    .            (no boots)
Will    .....        (no amulet)
Stlth   ++           (no ring)
HPRegen 0.25/turn    (no ring)
MPRegen 0.09/turn

%: no passive effects
@: paralysed
A: demonic magic 2
a: no special abilities


You were on level 3 of the Dungeon.
You visited 1 branch of the dungeon, and saw 3 of its levels.

You collected 109 gold pieces.

Inventory:

Hand Weapons
 a - a +2 dagger
 c - a +0 mace
 j - a +0 short sword
 p - a +0 dagger of venom (weapon)
Missiles
 b - 4 curare-tipped darts
 k - 14 stones (quivered)
 q - 3 boomerangs
Armour
 d - a +0 buckler (worn)
 f - a +0 leather armour
 h - a +0 robe (worn)
Scrolls
 e - 3 scrolls of blinking
 i - a scroll of poison {unknown}
 n - a scroll of acquirement {unknown}
 o - a scroll of revelation {unknown}
Potions
 g - 3 potions of curing
 l - a potion of invisibility {unknown}
 m - a potion of ambrosia {unknown}


   Skills:
 - Level 2.2 Fighting
 * Level 2.1 Short Blades
 - Level 1.0 Maces & Flails
 - Level 4.5 Throwing
 - Level 1.0 Armour
 - Level 2.0 Dodging
 - Level 1.0 Stealth
 - Level 1.0 Shields
 - Level 1.0 Spellcasting
 + Level 0.6 Evocations


You had 5 spell levels left.
You didn't know any spells.
Your spell library was empty.

Dungeon Overview and Level Annotations

Branches:
Dungeon (3/15)

Altars:

Annotations:
D:3 Grinder


Innate Abilities, Weirdness & Mutations

Spells you cast may paralyse nearby enemies.


Message History

There is a stone staircase leading up here.
You climb upwards.
There is a stone staircase leading down here.
There is a stone staircase leading down here.
You climb downwards.
There is a stone staircase leading up here.
You climb upwards.
There is a stone staircase leading down here.
There is a stone staircase leading down here.
You climb downwards.
There is a stone staircase leading up here.
You climb upwards.
There is a stone staircase leading down here.
Your library has no spells.
There is an escape hatch in the floor here.
You slide downwards.
The hatch slams shut behind you.
Okay, then.
Okay, then.
Found a chain mail.
You see here a +0 scale mail.
Found a stone staircase leading down.
There is a stone staircase leading down here.
Grinder comes into view.
Grinder shouts!
You closely miss Grinder. You hit Grinder.
Grinder is lightly wounded.
Grinder gestures at you.
You suddenly lose the ability to move!
Grinder gestures at you. Pain shoots through your body!
Grinder gestures at you. You resist with significant effort. Grinder hits you.
You writhe in agony.
Grinder gestures at you. Pain shoots through your body!
* * * LOW HITPOINT WARNING * * *
Grinder hits you!
You die...
Grinder says, "Now the real fun starts!"

#.# ##### ####.#
..... ##...[#
......
####..####
......####....##
#.........####
.#####>.### #.##
#@# #.5..#
####.# #


You could see Grinder.

Vanquished Creatures
  Natasha (thrice) (D:2)
  5 endoplasms
  A giant cockroach (D:1)
  3 goblins
  A hobgoblin (D:2)
  2 quokkas
  3 ball pythons
  2 bats (D:1)
  4 frilled lizards (D:1)
  4 kobolds
  2 rats
30 creatures vanquished.

Notes
Turn   | Place    | Note
-------+----------+-------------------------------------------
     0 | D:1      | IdlyInterested the Demonspawn Wanderer began the quest for
                  | the Orb.
     0 | D:1      | IdlyInterested set off with the following items: a +2
                  | dagger, 4 curare-tipped darts, a +0 mace, a +0 buckler, a
                  | scroll of blinking, a +0 leather armour.
     0 | D:1      | Reached XP level 1. HP: 13/13 MP: 1/1
   225 | D:1      | You fall into a shaft and drop 1 floor!
   246 | D:2      | Reached skill level 1 in Fighting
   251 | D:2      | Found a faded altar of an unknown god.
   277 | D:2      | Noticed Natasha
   290 | D:2      | Killed Natasha
   291 | D:2      | Reached skill level 1 in Stealth
   291 | D:2      | Gained mutation: Spells you cast may paralyse adjacent
                  | enemies. [demonic ancestry]
   291 | D:2      | Reached XP level 2. HP: 19/22 MP: 2/2
   291 | D:2      | Gained mutation: Spells you cast may paralyse nearby
                  | enemies. [demonic ancestry]
   291 | D:2      | Reached XP level 3. HP: 23/27 MP: 3/3
  1697 | D:2      | Noticed Natasha
  1710 | D:2      | Killed Natasha
  1711 | D:2      | Reached skill level 1 in Short Blades
  1711 | D:2      | Reached skill level 1 in Spellcasting
  1711 | D:2      | Reached XP level 4. HP: 12/33 MP: 5/5
  1839 | D:2      | Noticed Natasha
  1849 | D:2      | Killed Natasha
  2029 | D:3      | Noticed Grinder
  2031 | D:3      | Paralysed by Grinder for 5 turns
  2036 | D:3      | Slain by Grinder

Illustrated notes

Levels and vault maps discovered:
D:1:      lemuel_arrival_lava_pool, layout_loops_cross
D:2:      layout_loops_ring, basic_altar, shapermc_ecumenical_altar_gd,
          supply_closet_lemuel, uniq_natasha
D:3:      layout_basic, mainiacjoe_overflow_paths, uniq_grinder

Skill      XL: |  1  2  3  4 |
---------------+-------------+-----
Dodging        | 2 |  2.0
Fighting       | 2 |  2.2
Stealth        | 1 |  1.0
Short Blades   | 1 2 |  2.1
Spellcasting   | 1 |  1.0
Maces & Flails | |  1.0
Throwing       | |  4.5
Armour         | |  1.0
Shields        | |  1.0
Evocations     | |  0.6

Action                     |  1- 3 |  4- 6 || total
---------------------------+-------+-------++-------
  Melee: Dagger            |    99 |    12 ||   111
  Throw: Dart              |       |     1 ||     1
    Use: Potion            |     1 |       ||     1
   Stab: Sleeping          |     2 |       ||     2
 Armour: Leather armour    |    20 |       ||    20
         Robe              |    25 |     8 ||    33
  Dodge: Dodged            |    50 |     1 ||    51
  Block: Buckler           |    20 |     3 ||    23

Table legend: (Time is in decaauts)
 A = Elapsed time spent in this place.
 B = Non-inter-level travel time spent in this place.
 C = Inter-level travel time spent in this place.
 D = Time resting spent in this place.
 E = Time spent auto-exploring this place.
 F = Levels seen in this place.
 G = Mean time per level.
                   A        B        C        D        E       F      G
               +--------+--------+--------+--------+--------+-----+--------+
         Total |   2047 |   1709 |    338 |    256 |   1039 |   3 |  682.3 |
       Dungeon |   2047 |   1709 |    338 |    256 |   1039 |   3 |  682.3 |
               +--------+--------+--------+--------+--------+-----+--------+

Top non-repeatable levels by time:
     D:1: 1005 daAuts
     D:2: 991 daAuts
     D:3: 50 daAuts
